 Dungeon Crawl Stone Soup version 0.30.1-9-gdf580d7c3d (webtiles) character file.

Game seed: 2195939776016982024

390 LynnLen the Sneak (level 6, 0/30 HPs)
             Began as a Spriggan Enchanter on Sept 24, 2023.
             Slain by Grinder (3 damage)
             ... on level 4 of the Dungeon.
             The game lasted 00:13:52 (4353 turns).

LynnLen the Sneak (Spriggan Enchanter)              Turns: 4353, Time: 00:13:53

Health: 0/30       AC:  2    Str:  4    XL:     6   Next: 50%
Magic:  9/12       EV: 18    Int: 19    God:
Gold:   189        SH:  0    Dex: 15    Spells: 4/12 levels left

rFire   . . .        p - +2 dagger (protect)
rCold   . . .        (no shield)
rNeg    . . .        b - +0 robe
rPois   .            (helmet restricted)
rElec   .            (no cloak)
rCorr   .            (gloves unavailable)
SInv    +            (boots unavailable)
Will    +....        (no amulet)
Stlth   +++          (no ring)
HPRegen 0.25/turn    (no ring)
MPRegen 0.13/turn

%: no passive effects
@: confusing by touch, invisible, very quick
A: very small, no large weapons, unfitting armour, see invisible, speed 3
a: no special abilities


You were on level 4 of the Dungeon.
You visited 1 branch of the dungeon, and saw 4 of its levels.

You collected 189 gold pieces.

Inventory:

Hand Weapons
 h - a +4 short sword
 p - a +2 dagger of protection (weapon)
 u - a +2 dagger of holy wrath
Armour
 b - a +0 robe (worn)
Wands
 r - a wand of iceblast (5)
Scrolls
 a - a scroll of brand weapon {unknown}
 g - 2 scrolls of teleportation {unknown}
 j - 2 scrolls of butterflies {unknown}
 k - a scroll of enchant weapon {unknown}
 m - 2 scrolls of enchant armour {unknown}
 q - 2 scrolls of blinking {unknown}
 s - a scroll of poison {unknown}
 t - 4 scrolls of vulnerability {unknown}
Potions
 c - a potion of invisibility
 d - a potion of flight
 e - 2 potions of might {unknown}
 f - a potion of cancellation {unknown}
 i - a potion of lignification {unknown}
 l - a potion of curing {unknown}
 n - a potion of degeneration {unknown}
 o - a potion of berserk rage {unknown}


   Skills:
 + Level 1.4 Fighting
 + Level 2.4 Short Blades
 + Level 4.0 Dodging
 + Level 5.5 Stealth
 + Level 3.8 Spellcasting
 * Level 5.2 Hexes
 * Level 2.3 Ice Magic


You had 4 spell levels left.
You knew the following spells:

 Your Spells              Type           Power      Damage    Failure   Level
a - Ensorcelled Hibernat  Hex/Ice        36%        N/A       4%          2
b - Confusing Touch       Hex            23%        N/A       4%          3
c - Tukima's Dance        Hex            23%        N/A       4%          3

Your spell library contained the following spells:

 Spells                   Type           Power      Damage    Failure   Level
 Sting                    Tmut/Pois      12%        1d3       14%         1
 Dazzling Flash           Conj/Hex       26%        N/A       14%         3
 Poisonous Vapours        Pois/Air       6%         N/A       22%         2
 Olgreb's Toxic Radiance  Pois           3%         N/A       80%         4


Dungeon Overview and Level Annotations

Branches:
Dungeon (4/15)
 Temple: D:4-7

Altars:

Shops:
D:1 [   D:3 [

Annotations:
D:4 Grinder


Innate Abilities, Weirdness & Mutations

You are very small and have problems with some larger weapons.
You are too small for most types of armour.
You have supernaturally acute eyesight. (SInv)
You cover ground extremely quickly. (Speed+++)


Message History

Your weapon exudes an aura of protection.
You kill the adder!
Aiming: Ensorcelled Hibernation (safe; 4% risk of failure)
Press: ? - help, Q - select action, (/) - cycle Shift-Dir - straight line, f - scorpion
Aim: a scorpion (chance to affect: 50%)
The scorpion looks drowsy...
Unknown command.
The helpless scorpion fails to defend itself.
You impale the scorpion!!
You kill the scorpion!
Your Dodging skill increases to level 4!
Unknown command.
You start resting.
Grinder is nearby!
You are caught in the web!
There is a web here.
You disentangle yourself.
Casting: Ensorcelled Hibernation (safe; 4% risk of failure)
Confirm with . or Enter, or press ? or * to list all spells.
Your hands begin to glow red.
You pick your way through the web.
There is a web here.
You pick your way through the web.
There is a web here.
Things that are here:
an adder corpse; a bat corpse Grinder shouts!
You hit Grinder but do no damage.
You hear an angry hiss.
Grinder hits you.
You writhe in agony.
You closely miss Grinder. Grinder hits you.
You writhe in agony.
You hit Grinder but do no damage.
An adder comes into view.
Grinder hits you!
* * * LOW HITPOINT WARNING * * *
You writhe in agony.
* * * LOW HITPOINT WARNING * * *
You fade into invisibility!
Grinder hits you.
You die...

###.#.#.# #.......#)##....
#...#.###...#
#..........#.##.
#######.#^.^.^^
#......#####)#.. ..#
#.#......#
#............###
#.#####.##......
#.......######
#.....#)##..^...##.......#
#####.#.# .......##......#
#.#.# #...##...)### #...#
#..@.####.# ##### ##5##†#
#.# .S# #^###.# #.#.
##.##.# #. . #.##.# #P #.
#.^#.# # # ###..#######
##.......# #######.#


You could see Grinder (unable to see you) and an adder (unable to see you).

Vanquished Creatures
  3 scorpions (D:4)
  A hound (D:3)
  An orc priest (D:3)
  An iguana (D:3)
  4 adders
  2 worms
  4 dart slugs
  5 orcs
  9 bats
  4 endoplasms
  A giant cockroach (D:2)
  7 goblins
  6 hobgoblins
  4 jackals (D:1)
  12 kobolds
  4 quokkas
  6 ball pythons
  4 frilled lizards
  3 rats (D:3)
81 creatures vanquished.

Notes
Turn   | Place    | Note
-------+----------+-------------------------------------------
     0 | D:1      | LynnLen the Spriggan Enchanter began the quest for the Orb.
     0 | D:1      | Reached XP level 1. HP: 9/9 MP: 5/5
    56 | D:1      | Found Zaasek's Antique Armour Boutique.
   417 | D:1      | Reached XP level 2. HP: 13/13 MP: 6/6
   680 | D:1      | Learned a level 2 spell: Ensorcelled Hibernation
   962 | D:1      | Reached XP level 3. HP: 16/16 MP: 8/8
  1530 | D:2      | You fall into a shaft and drop 1 floor!
  1621 | D:3      | Reached skill level 1 in Ice Magic
  1899 | D:3      | Learned a level 3 spell: Confusing Touch
  1903 | D:3      | Learned a level 3 spell: Tukima's Dance
  2499 | D:3      | Found Dareiwnaro's Antique Armour Boutique.
  2628 | D:3      | Reached XP level 4. HP: 21/21 MP: 2/9
  3000 | D:3      | Reached skill level 5 in Stealth
  3160 | D:3      | Reached XP level 5. HP: 25/25 MP: 11/11
  3200 | D:3      | Reached skill level 1 in Fighting
  3793 | D:4      | Noticed Grinder
  4290 | D:4      | Reached skill level 5 in Hexes
  4290 | D:4      | Reached XP level 6. HP: 29/30 MP: 9/12
  4353 | D:4      | Slain by Grinder

Illustrated notes

Levels and vault maps discovered:
D:1:      nagdon_arrival_double_spiral, layout_basic, serial_shops, shop,
          minmay_tetromino_o2
D:2:      layout_basic
D:3:      layout_basic, serial_shops, shop, minmay_circle_x
D:4:      old_forge, layout_basic, mainiacjoe_overflow_small_starburst,
          uniq_robin, uniq_grinder

Skill      XL: |  1  2  3  4  5  6 |
---------------+-------------------+-----
Hexes          | 4 5 |  5.2
Spellcasting   | 3 |  3.8
Dodging        | 3 4 |  4.0
Ice Magic      | 1 2 |  2.3
Stealth        | 5 |  5.5
Fighting       | 1 |  1.4
Short Blades   | 2 |  2.4

Action                     |  1- 3 |  4- 6 || total
---------------------------+-------+-------++-------
  Melee: Dagger            |    48 |    82 ||   130
         Short sword       |    80 |       ||    80
         Punch             |     1 |       ||     1
   Cast: Ensorcelled Hiber |    20 |    14 ||    34
         Confusing Touch   |       |     2 ||     2
    Use: Scroll            |     1 |     1 ||     2
         Potion            |       |     1 ||     1
   Stab: Sleeping          |    21 |    12 ||    33
         Distracted        |     1 |       ||     1
 Armour: Robe              |     9 |     6 ||    15
  Dodge: Dodged            |    78 |    57 ||   135
